[Event "Titled Tuesday Blitz March 21 Late 2023"]
[White "Ardila, Oscar Humberto"]
[Black "Jimenez Jimenez, Leandro"]
[WhiteFideId "4404742"]
[BlackFideId "6415253"]
[WhiteElo "1911"]
[BlackElo "2263"]
[Result "0-1"]
[Round "03"]
[TimeControl "180+2"]
[Date "2023.03.21"]
[WhiteClock "0:00:02"]
[BlackClock "0:00:16"]

1. d4 d5 2. Nf3 Nf6 3. e3 c5 4. c3 Nc6 5. Be2 cxd4 6. exd4 Bf5 7. O-O e6 8. Bf4 Bd6 9. Bg5 h6 10. Bh4 Qc7 11. Bxf6 gxf6 12. Na3 a6 13. Rc1 O-O 14. g3 Rfc8 15. Qd2 Bf8 16. Nh4 Bh7 17. Nc2 b5 18. Ne3 f5 19. a3 Na5 20. Bd1 Nc4 21. Nxc4 Qxc4 22. Be2 Qc7 23. f4 Rab8 24. Nf3 a5 25. Ne5 f6 26. Nd3 Bg6 27. Bf3 Bf7 28. Rfe1 Qb6 29. Kg2 b4 30. axb4 axb4 31. Nxb4 Bxb4 32. cxb4 Rxc1 33. Rxc1 Qxb4 34. Rc2 Be8 35. Qxb4 Rxb4 36. Rd2 Bb5 37. Kf2 Kf8 38. Bd1 Ke7 39. Ke3 Kd6 40. Bh5 Bc4 41. Bf7 Rb3+ 42. Kf2 Rb4 43. h4 Ra4 44. Bg6 Ra1 45. Bh5 Rf1+ 46. Kg2 Rb1 47. Kf2 Bb3 48. Be8 Rc1 49. Bb5 Bc2 50. Ke3 Be4 0-1


[Site "https://www.chess.com"]

[Event "Titled Tuesday Blitz March 21 Late 2023"]
[White "Rios Escobar, Adan"]
[Black "Barria Santos, Jose Guilherme"]
[WhiteFideId "3403645"]
[BlackFideId "1939300"]
[WhiteElo "2398"]
[BlackElo "2301"]
[Result "1-0"]
[Round "03"]
[TimeControl "180+2"]
[Date "2023.03.21"]
[WhiteClock "0:00:04"]
[BlackClock "0:00:01"]

1. d4 Nf6 2. g3 g6 3. Bg2 Bg7 4. e4 d6 5. Ne2 O-O 6. O-O Nc6 7. Nbc3 e5 8. dxe5 Nxe5 9. f4 Nc6 10. h3 Be6 11. a4 Nd7 12. Ra3 Nb6 13. b3 f5 14. a5 Nd7 15. a6 Qc8 16. exf5 Bxf5 17. axb7 Qxb7 18. Qd5+ Kh8 19. Qxc6 Qb4 20. Nd5 Qc5+ 21. Qxc5 Nxc5 22. Nxc7 Rac8 23. Nb5 Bxc2 24. Nxd6 Rcd8 25. Nb7 Nxb7 26. Bxb7 Rb8 27. Bd5 Bd3 28. Bc4 Bxc4 29. bxc4 Rfc8 30. Rxa7 Re8 31. Kf2 Rb3 32. Ra3 Rb7 33. Re3 Ra8 34. Rd1 Kg8 35. Rd5 Ra2 36. Rb5 Rc7 37. c5 Bd4 38. Rb8+ Kg7 39. Re8 1-0


[Site "https://www.chess.com"]

[Event "Titled Tuesday Blitz March 21 Late 2023"]
[White "Prohorov, Olexandr"]
[Black "liwadas82"]
[WhiteFideId "14105578"]
[WhiteElo "1993"]
[BlackElo "2395"]
[Result "0-1"]
[Round "03"]
[TimeControl "180+2"]
[Date "2023.03.21"]
[WhiteClock "0:00:01"]
[BlackClock "0:00:24"]

1. e4 e5 2. Nf3 Nc6 3. c3 Nf6 4. d4 exd4 5. e5 Nd5 6. Bc4 Nb6 7. Bb3 d5 8. cxd4 Bb4+ 9. Bd2 O-O 10. h3 Bxd2+ 11. Nbxd2 f6 12. O-O fxe5 13. dxe5 Kh8 14. Rc1 Qe7 15. Re1 Be6 16. Nf1 Rae8 17. Ng3 h6 18. Qd3 Nb4 19. Qg6 Bf7 20. Qg4 Be6 21. Qg6 Bf7 22. Qb1 c5 23. a3 Nc6 24. Nf5 Qe6 25. Rxc5 Bg6 26. g4 Bxf5 27. gxf5 Rxf5 28. Nh4 Rg5+ 29. Kh2 Rf8 30. Re2 Nxe5 31. Qe1 Rf3 32. Qf1 Rxb3 33. f4 Qf6 34. Rc3 Rxc3 35. bxc3 Ng6 36. Ng2 Rf5 37. Qb1 Nc4 38. Qb5 Kh7 39. Qe8 Nxf4 40. Nxf4 Rxf4 41. Rg2 Rf2 0-1


[Site "https://www.chess.com"]

[Event "Titled Tuesday Blitz March 21 Late 2023"]
[White "Liu, Casper"]
[Black "Khatena, Moshe"]
[WhiteFideId "1454153"]
[BlackFideId "2010461"]
[WhiteElo "2221"]
[BlackElo "2216"]
[Result "1-0"]
[Round "03"]
[TimeControl "180+2"]
[Date "2023.03.21"]
[WhiteClock "0:02:23"]
[BlackClock "0:02:03"]

1. d4 b5 2. a4 b4 3. e4 Bb7 4. Bd3 Nf6 5. Qe2 d6 6. a5 a6 7. Bd2 Nc6 8. Nf3 e5 9. d5 Nd4 10. Nxd4 exd4 11. Bxb4 Be7 12. O-O O-O 13. Nd2 c5 14. dxc6 Bxc6 15. Nf3 Rb8 16. Ba3 d5 17. Nxd4 dxe4 18. Nxc6 exd3 19. cxd3 1-0


[Site "https://www.chess.com"]

[Event "Titled Tuesday Blitz March 21 Late 2023"]
[White "Lopez Perdomo, Juan David"]
[Black "Toktomushev, Teimur"]
[WhiteFideId "4405137"]
[BlackFideId "14176726"]
[WhiteElo "1965"]
[BlackElo "2116"]
[Result "0-1"]
[Round "03"]
[TimeControl "180+2"]
[Date "2023.03.21"]
[WhiteClock "0:02:17"]
[BlackClock "0:01:29"]

1. e4 c5 2. d4 cxd4 3. c3 dxc3 4. Nxc3 e6 5. Nf3 Nc6 6. Bc4 Bb4 7. O-O Nge7 8. Bg5 O-O 9. Qe2 Bxc3 10. bxc3 d5 11. exd5 exd5 12. Rad1 Qc7 13. Bxd5 Nxd5 14. Rxd5 Be6 15. Rd3 Bc4 16. Rfd1 Bxd3 17. Rxd3 Rfe8 18. Qd2 Ne5 19. Bf4 Nxf3+ 20. Rxf3 Rad8 21. Qc2 Re1# 0-1


[Site "https://www.chess.com"]

[Event "Titled Tuesday Blitz March 21 Late 2023"]
[White "Hoffmann, Asa"]
[Black "Sabar, Ethmane Daouda"]
[WhiteFideId "2001470"]
[BlackFideId "19600097"]
[WhiteElo "2117"]
[BlackElo "1950"]
[Result "1-0"]
[Round "03"]
[TimeControl "180+2"]
[Date "2023.03.21"]
[WhiteClock "0:02:04"]
[BlackClock "0:02:26"]

1. d4 d5 2. Bg5 c5 3. dxc5 Qa5+ 4. Nc3 Qxc5 5. Qxd5 Qb4 6. O-O-O Nc6 7. e4 Be6 8. Qb5 a6 9. Qxb4 Nxb4 10. a3 Nc6 11. Nd5 Rc8 12. Nf3 h6 13. Bf4 f6 14. Nc7+ Kf7 15. Nxe6 Kxe6 16. Bc4# 1-0


[Site "https://www.chess.com"]

[Event "Titled Tuesday Blitz March 21 Late 2023"]
[White "Krzywda, Andrzej"]
[Black "lisjakzlatko1"]
[WhiteFideId "1114565"]
[WhiteElo "2155"]
[BlackElo "2187"]
[Result "1-0"]
[Round "03"]
[TimeControl "180+2"]
[Date "2023.03.21"]
[WhiteClock "0:00:07"]
[BlackClock "0:00:02"]

1. c4 d6 2. g3 e5 3. Bg2 f5 4. Nc3 Nf6 5. Nf3 Be7 6. O-O O-O 7. Rb1 a5 8. a3 c6 9. b4 axb4 10. axb4 Be6 11. d3 h6 12. Bd2 Qe8 13. Qc2 Qh5 14. c5 Nbd7 15. cxd6 Bxd6 16. b5 Rac8 17. bxc6 Rxc6 18. Qa4 e4 19. dxe4 Nc5 20. Qb5 Ncxe4 21. Nxe4 Nxe4 22. Qxb7 Rc2 23. Be3 f4 24. Bxf4 Rxe2 25. Bxd6 Nxd6 26. Qa6 Rxf3 27. Bxf3 Qxf3 28. Qxd6 Bh3 29. Qb8+ Kh7 30. Qb7 Re4 31. Qxe4+ Qxe4 32. f3 Qe3+ 33. Rf2 Bf5 34. Rd1 h5 35. Kg2 g5 36. Rdf1 g4 37. fxg4 Be4+ 38. Kg1 hxg4 39. Ra1 Bd5 40. Rf1 1-0


[Site "https://www.chess.com"]

[Event "Titled Tuesday Blitz March 21 Late 2023"]
[White "Gallegos Diaz, Carlos Alberto"]
[Black "salgadoLO"]
[WhiteFideId "3900886"]
[WhiteElo "2362"]
[BlackElo "2183"]
[Result "1/2-1/2"]
[Round "03"]
[TimeControl "180+2"]
[Date "2023.03.21"]
[WhiteClock "0:00:31"]
[BlackClock "0:00:09"]

1. e4 c5 2. Nf3 e6 3. d3 Nc6 4. Nbd2 g6 5. Be2 Bg7 6. O-O Nge7 7. c3 d5 8. Re1 O-O 9. Bf1 b6 10. exd5 Nxd5 11. Nb3 Bb7 12. Bg5 Qc7 13. Bh4 a5 14. Bg3 Qd7 15. a4 Rad8 16. d4 cxd4 17. Nbxd4 Nxd4 18. Nxd4 Qc8 19. Qb3 Ba6 20. Nb5 Qc5 21. Rad1 Bxb5 22. Bxb5 Nc7 23. Qc4 Qxc4 24. Bxc4 Nd5 25. Bxd5 Rxd5 26. Rxd5 exd5 27. Bc7 d4 28. c4 Rc8 29. Bxb6 Rxc4 30. Re8+ Bf8 31. g3 Kg7 32. Rd8 Rxa4 33. Bxd4+ f6 34. Bxf6+ Kxf6 35. Rxf8+ Ke5 36. Rd8 Rb4 37. Rd2 g5 38. h3 h5 39. Kf1 h4 40. gxh4 Rxh4 41. Kg2 Rb4 42. Kg3 Kf5 43. f3 Kg6 44. Rd6+ Kh5 45. Ra6 Rxb2 46. Rxa5 Rb4 47. Rc5 Ra4 48. Re5 Rb4 49. Re4 Rb5 50. h4 gxh4+ 51. Rxh4+ Kg5 52. Rg4+ Kf5 53. Rf4+ Kg5 54. Rg4+ Kf5 55. Rf4+ Kg5 56. Re4 Rb1 57. Re8 Rh1 58. Kf2 Rh2+ 59. Kg3 Ra2 60. Re5+ Kf6 61. Rb5 Ra3 62. Kg4 Kg6 63. Rb6+ Kf7 64. f4 Ra5 65. f5 Ra1 66. Rb7+ Kf6 67. Rb6+ Kf7 68. Kf4 Rf1+ 69. Ke4 Re1+ 70. Kd5 Rd1+ 71. Ke5 Re1+ 72. Kf4 Rf1+ 73. Kg5 Rg1+ 74. Kf4 Rf1+ 1/2-1/2


[Site "https://www.chess.com"]

[Event "Titled Tuesday Blitz March 21 Late 2023"]
[White "ArtemDyachuk"]
[Black "Jimenez Fernandez, Rebeca"]
[BlackFideId "32070934"]
[WhiteElo "2362"]
[BlackElo "2008"]
[Result "1-0"]
[Round "03"]
[TimeControl "180+2"]
[Date "2023.03.21"]
[WhiteClock "0:00:12"]
[BlackClock "0:00:02"]

1. Nf3 Nf6 2. c4 e6 3. b3 c5 4. Bb2 Nc6 5. e3 d5 6. cxd5 exd5 7. Ne5 Bd6 8. Bb5 a6 9. Nxc6 Qb6 10. Be2 Qxc6 11. O-O Bc7 12. d4 b6 13. Bf3 Bb7 14. Nc3 Qd6 15. g3 O-O 16. Bg2 Rad8 17. Ne2 Ng4 18. Nf4 f5 19. b4 c4 20. Bc3 b5 21. a4 Rf6 22. axb5 axb5 23. Ra7 Ba8 24. Rxa8 Rxa8 25. Bxd5+ Kh8 26. Bxa8 Rh6 27. h3 Nf6 28. d5 Ne4 29. Qd4 Nxc3 30. Qxc3 Kg8 31. Ne6 Rg6 32. Kh1 Bb8 33. Bc6 Rxg3 34. fxg3 Qxg3 35. Qxg7+ Qxg7 36. Nxg7 Kxg7 37. Rxf5 1-0


[Site "https://www.chess.com"]

[Event "Titled Tuesday Blitz March 21 Late 2023"]
[White "Hartikainen, Jarmo"]
[Black "Wizard_of_Odds"]
[WhiteFideId "503134"]
[WhiteElo "2173"]
[BlackElo "2351"]
[Result "0-1"]
[Round "03"]
[TimeControl "180+2"]
[Date "2023.03.21"]
[WhiteClock "0:00:15"]
[BlackClock "0:00:08"]

1. e4 c5 2. c3 e6 3. d4 d5 4. exd5 exd5 5. Nf3 Nc6 6. Be2 Bd6 7. O-O Nge7 8. Nbd2 cxd4 9. Nxd4 Nxd4 10. cxd4 O-O 11. Nf3 Nc6 12. Be3 Re8 13. a3 Bf5 14. Qd2 Na5 15. Rad1 Rc8 16. b4 Nc4 17. Bxc4 Rxc4 18. Rc1 Qc7 19. h3 Rc8 20. Rxc4 Qxc4 21. Rc1 Qb3 22. Rxc8+ Bxc8 23. Qc1 Bd7 24. Nd2 Qd3 25. Nf3 f6 26. Ne1 Qb3 27. Bd2 a5 28. Qc3 Qa4 29. Nd3 Qd1+ 30. Ne1 axb4 31. axb4 Qb1 32. g4 Kf7 33. Kg2 g6 34. Nd3 b6 35. Nf4 Qe4+ 36. Qf3 Qxd4 37. Qxd5+ Qxd5+ 38. Nxd5 Bc6 0-1


[Site "https://www.chess.com"]

[Event "Titled Tuesday Blitz March 21 Late 2023"]
[White "Vadim_Galchenko"]
[Black "crosky"]
[WhiteElo "2147"]
[BlackElo "2348"]
[Result "1-0"]
[Round "03"]
[TimeControl "180+2"]
[Date "2023.03.21"]
[WhiteClock "0:00:29"]
[BlackClock "0:00:02"]

1. e4 c6 2. c4 d5 3. exd5 cxd5 4. cxd5 Nf6 5. Bb5+ Nbd7 6. Nc3 g6 7. Nf3 Bg7 8. d6 exd6 9. Qe2+ Qe7 10. Qxe7+ Kxe7 11. O-O Re8 12. d4 d5 13. Bf4 a6 14. Ba4 b5 15. Bb3 Bb7 16. Rfe1+ Kf8 17. Bd6+ Kg8 18. Ne5 Nb6 19. a4 Nc4 20. Bc5 Ne4 21. Bxc4 Nxc3 22. bxc3 dxc4 23. f4 Bxe5 24. fxe5 Bd5 25. Reb1 Bc6 26. a5 h5 27. Rf1 Bd5 28. Rf6 Be6 29. Raf1 Rab8 30. Kf2 Rb7 31. Ke3 Rd7 32. Kf4 Bf5 33. Kg5 Kg7 34. h3 Bd3 35. R1f4 Rb7 36. Rxa6 Bf5 37. g4 hxg4 38. hxg4 Be6 39. Rb6 Rxb6 40. Bxb6 Rh8 41. a6 Bd5 42. Rf6 Rh1 43. Rd6 Be4 44. a7 Ra1 45. Bc5 Bf3 46. Rd8 Be4 47. d5 Bf3 48. a8=Q 1-0


[Site "https://www.chess.com"]

[Event "Titled Tuesday Blitz March 21 Late 2023"]
[White "Kostiukov, Alexandr"]
[Black "ilya2700"]
[WhiteFideId "14108100"]
[WhiteElo "2202"]
[BlackElo "2125"]
[Result "0-1"]
[Round "03"]
[TimeControl "180+2"]
[Date "2023.03.21"]
[WhiteClock "0:00:01"]
[BlackClock "0:00:44"]

1. e4 e5 2. Nf3 Nc6 3. d4 exd4 4. Bc4 Nf6 5. e5 d5 6. Bb5 Ne4 7. Nxd4 Bd7 8. Bxc6 bxc6 9. O-O Bc5 10. f3 Ng5 11. f4 Ne4 12. Be3 Bb6 13. Nd2 c5 14. N4b3 Nxd2 15. Nxd2 c4 16. Bxb6 axb6 17. f5 Qe7 18. f6 gxf6 19. exf6 Qc5+ 20. Kh1 O-O-O 21. Nf3 Bg4 22. Qd2 d4 23. Rae1 Rhe8 24. Qf4 Qf5 25. Qxf5+ Bxf5 26. Rxe8 Rxe8 27. Nxd4 Bg6 28. h3 c5 29. Nf3 Re2 30. b3 c3 31. Ne1 Bxc2 32. Nxc2 Rxc2 33. Kh2 Rxa2 34. Rc1 c2 35. Kg3 b5 36. Kf3 b4 37. Ke3 c4 38. Kd2 cxb3 39. Rf1 Rb2 40. Rf4 Rb1 41. Rc4+ Kd7 42. g4 Rd1+ 43. Ke2 c1=Q 0-1


[Site "https://www.chess.com"]

[Event "Titled Tuesday Blitz March 21 Late 2023"]
[White "Winkels, Marcel"]
[Black "Abduzhaparov"]
[WhiteFideId "1003887"]
[WhiteElo "1900"]
[BlackElo "2341"]
[Result "0-1"]
[Round "03"]
[TimeControl "180+2"]
[Date "2023.03.21"]
[WhiteClock "0:00:09"]
[BlackClock "0:00:19"]

1. e4 d6 2. d4 Nf6 3. Nc3 e5 4. Nf3 Nbd7 5. Rg1 Be7 6. g4 g6 7. Be3 c6 8. Qd2 b5 9. a3 Bb7 10. g5 Nh5 11. Be2 a5 12. Nd1 O-O 13. h4 d5 14. exd5 e4 15. Ne5 Nxe5 16. dxe5 Qxd5 17. Qxd5 cxd5 18. Bxb5 Ng7 19. Bd7 Rfd8 20. Bg4 d4 21. Bd2 Rd5 22. Bf4 Ne6 23. Bh2 Bf8 24. f4 exf3 25. Bxf3 Rd7 26. Bxb7 Rxb7 27. b3 Rc8 28. Kd2 Nc5 29. Nf2 d3 30. Nxd3 Ne4+ 31. Ke3 Rxc2 32. Kxe4 Rxh2 33. b4 Rxh4+ 34. Kd5 Rd7+ 35. Kc6 Rxd3 36. b5 Rc4+ 37. Kb7 a4 38. b6 Rb3 39. Rac1 Rc5 40. Rgd1 Rcb5 41. Rc6 Bc5 42. Rd8+ Kg7 43. Ka6 Rxb6+ 44. Rxb6 Rxb6+ 45. Ka5 Re6 46. Rd5 Bxa3 47. Kxa4 Bc1 48. Kb5 Bxg5 49. Kc4 h5 50. Kd4 h4 51. Ke4 h3 52. Kf3 h2 53. Kg2 Bf4 54. Rd4 Bxe5 55. Re4 Bd6 56. Re2 g5 0-1


[Site "https://www.chess.com"]

[Event "Titled Tuesday Blitz March 21 Late 2023"]
[White "Romero Ruscalleda, Josep"]
[Black "Marcolino, Daniel Mattos"]
[WhiteFideId "2231859"]
[BlackFideId "2106841"]
[WhiteElo "2183"]
[BlackElo "2112"]
[Result "1-0"]
[Round "03"]
[TimeControl "180+2"]
[Date "2023.03.21"]
[WhiteClock "0:02:16"]
[BlackClock "0:01:46"]

1. e4 c6 2. Nc3 d5 3. Nf3 Bg4 4. h3 Bxf3 5. Qxf3 Nf6 6. exd5 cxd5 7. d4 e6 8. Ne2 Be7 9. c3 Nc6 10. Ng3 O-O 11. Bd3 Rb8 12. O-O b5 13. Nh5 g6 14. Ng3 b4 15. Bf4 bxc3 16. bxc3 Re8 17. Bxb8 Qxb8 18. Rab1 Qc7 19. Bb5 Rc8 20. Bxc6 Qxc6 21. Rfc1 Ba3 22. Rc2 Nd7 23. c4 dxc4 24. Qxa3 1-0


[Site "https://www.chess.com"]

[Event "Titled Tuesday Blitz March 21 Late 2023"]
[White "Manu_ChessExcelsior"]
[Black "Castella Garcia, Fausto"]
[BlackFideId "3501922"]
[WhiteElo "2041"]
[BlackElo "2245"]
[Result "0-1"]
[Round "03"]
[TimeControl "180+2"]
[Date "2023.03.21"]
[WhiteClock "0:00:08"]
[BlackClock "0:00:13"]

1. e4 c5 2. g3 d5 3. exd5 Qxd5 4. Nf3 Bg4 5. Bg2 Qe6+ 6. Kf1 Nc6 7. h3 Bh5 8. g4 Bg6 9. d3 O-O-O 10. Nh4 f6 11. Nxg6 hxg6 12. Nc3 Qd7 13. Bf4 e5 14. Bg3 f5 15. f4 fxg4 16. hxg4 Rxh1+ 17. Bxh1 Nf6 18. fxe5 Nxg4 19. Bxc6 bxc6 20. Qf3 Be7 21. Kg2 Rf8 22. Qe4 Kb7 23. e6 Qd4 24. Re1 Rf2+ 25. Kh3 Rxc2 26. Qxg4 Qxg4+ 27. Kxg4 Rxb2 28. Be5 Rg2+ 29. Kf3 Rd2 30. Ke4 Rf2 31. Bxg7 g5 32. Ke5 g4 33. Ne4 Rxa2 34. Bf6 Bxf6+ 35. Nxf6 g3 36. e7 g2 37. e8=Q Re2+ 38. Rxe2 g1=Q 39. Rb2+ Ka6 40. Qc8+ Ka5 41. Qc7+ Ka4 42. Qxc6+ Ka3 43. Qg2 Qd4+ 44. Ke6 Qxb2 45. Qxb2+ Kxb2 46. Kd5 Kc3 47. Ke4 a5 48. Nd5+ Kb3 49. Nb6 a4 50. Kd5 a3 51. Nc4 a2 52. Nd2+ Kc2 0-1


[Site "https://www.chess.com"]

[Event "Titled Tuesday Blitz March 21 Late 2023"]
[White "Maranhao,Jose Renato Ruiz"]
[Black "Kalajzic, Ivan"]
[WhiteFideId "2135175"]
[BlackFideId "14506378"]
[WhiteElo "1970"]
[BlackElo "2203"]
[Result "0-1"]
[Round "03"]
[TimeControl "180+2"]
[Date "2023.03.21"]
[WhiteClock "0:00:01"]
[BlackClock "0:00:30"]

1. g3 Nc6 2. Bg2 e5 3. b3 Bc5 4. Bb2 d6 5. e3 Bf5 6. Ne2 Qd7 7. d4 Bb6 8. dxe5 dxe5 9. Qxd7+ Bxd7 10. Na3 O-O-O 11. O-O-O f6 12. Nc4 Nge7 13. Rd2 Be6 14. Nxb6+ axb6 15. Rhd1 Bg4 16. f3 Be6 17. c4 h5 18. Nc3 h4 19. g4 h3 20. Bf1 f5 21. g5 Ng6 22. Nd5 Bxd5 23. cxd5 Nce7 24. Bc4 Rh5 25. d6 cxd6 26. Rxd6 Rxd6 27. Rxd6 Kc7 28. Re6 Rxg5 29. Ba3 Kd7 30. Rd6+ Ke8 31. Re6 Rg2 0-1


[Site "https://www.chess.com"]

[Event "Titled Tuesday Blitz March 21 Late 2023"]
[White "Shtompel, Yuriy"]
[Black "dorpato"]
[WhiteFideId "14168278"]
[WhiteElo "1844"]
[BlackElo "1960"]
[Result "0-1"]
[Round "03"]
[TimeControl "180+2"]
[Date "2023.03.21"]
[WhiteClock "0:00:04"]
[BlackClock "0:00:14"]

1. e4 c5 2. Nf3 g6 3. d4 cxd4 4. Nxd4 Bg7 5. Nc3 Nc6 6. Be3 Nf6 7. f3 O-O 8. Bc4 Qb6 9. Qd2 Nxe4 10. fxe4 Bxd4 11. Bxd4 Qxd4 12. Qxd4 Nxd4 13. O-O-O e5 14. Nd5 b5 15. Bd3 Rb8 16. c3 Ne6 17. Bc2 Kg7 18. Ne7 Rd8 19. Bb3 Bb7 20. Bd5 Kf8 21. Bxe6 Kxe7 22. Bd5 Bxd5 23. Rxd5 d6 24. g4 f6 25. h4 a6 26. h5 Rh8 27. Rd3 g5 28. Rf1 h6 29. Kd2 Rb6 30. b3 Rf8 31. Ke3 a5 32. Rfd1 Rc6 33. R1d2 Rfc8 34. Rc2 a4 35. bxa4 b4 36. c4 Rxc4 37. Rb2 Ra8 38. a3 Rxa4 39. axb4 Raxb4 40. Rxb4 Rxb4 41. Ra3 Rb7 42. Ra8 Rd7 43. Rh8 Ke6 44. Rxh6 d5 45. exd5+ Rxd5 46. Rg6 Rd4 47. h6 Rxg4 48. h7 Rh4 49. Rg7 Kf5 50. Kf3 Rh3+ 51. Kg2 g4 52. Rf7 e4 53. Re7 Kf4 54. Rg7 f5 55. Rf7 e3 56. Re7 Rh5 57. Rf7 g3 58. Re7 Rh2+ 59. Kg1 Kf3 60. Rf7 f4 61. Re7 e2 62. h8=Q Rxh8 63. Re3+ Kxe3 64. Kg2 f3+ 65. Kg1 f2+ 66. Kg2 f1=Q+ 67. Kxg3 Qg1# 0-1


[Site "https://www.chess.com"]

[Event "Titled Tuesday Blitz March 21 Late 2023"]
[White "Vargas Pereda, Jesus Manue"]
[Black "Jiganchine, Roman"]
[WhiteFideId "5115710"]
[BlackFideId "2603667"]
[WhiteElo "1914"]
[BlackElo "2310"]
[Result "0-1"]
[Round "03"]
[TimeControl "180+2"]
[Date "2023.03.21"]
[WhiteClock "0:00:08"]
[BlackClock "0:00:14"]

1. d4 d5 2. Bf4 Nf6 3. e3 c5 4. Nf3 e6 5. c3 Nc6 6. Bd3 Bd6 7. Bg3 O-O 8. Nbd2 Qe7 9. Ne5 Nd7 10. f4 f6 11. Qh5 g6 12. Nxg6 hxg6 13. Bxg6 Qg7 14. Nf3 Ne7 15. Bd3 f5 16. Ng5 Nf6 17. Qf3 Ne4 18. h4 Bd7 19. Bxe4 fxe4 20. Qg4 Nf5 21. h5 Nxe3 22. Qe2 Nf5 23. h6 Nxh6 24. Bf2 Bxf4 25. Nh3 Bd6 26. O-O-O c4 27. Be3 Ng4 28. Ng5 Nxe3 29. Rh7 Qxg5 30. Rxd7 Nxd1+ 31. Kxd1 Bg3 32. Rxb7 Rf2 33. Qe1 Qg4+ 34. Kc1 Rc2+ 35. Kxc2 Bxe1 36. b3 Rf8 37. Kb2 Bxc3+ 38. Ka3 Bd2 39. b4 c3 40. Ka4 c2 41. Ka5 c1=Q 42. a4 Qc4 43. g3 Bxb4+ 44. Rxb4 Qxb4+ 45. Kxb4 e5 46. dxe5 Qc8 47. a5 Qc6 48. a6 Rb8+ 49. Ka5 Qb6+ 50. Ka4 Qxa6# 0-1


[Site "https://www.chess.com"]

[Event "Titled Tuesday Blitz March 21 Late 2023"]
[White "Carlsen, Magnus"]
[Black "Dardha, Daniel"]
[WhiteFideId "1503014"]
[BlackFideId "240990"]
[WhiteElo "2852"]
[BlackElo "2581"]
[Result "1-0"]
[Round "04"]
[TimeControl "180+2"]
[Date "2023.03.21"]
[WhiteClock "0:00:23"]
[BlackClock "0:00:01"]

1. e4 e5 2. Nf3 Nc6 3. Bb5 Nf6 4. O-O Nxe4 5. Re1 Nd6 6. Nxe5 Be7 7. Bf1 Nxe5 8. Rxe5 O-O 9. d4 Bf6 10. Re1 Re8 11. Bf4 Rxe1 12. Qxe1 Ne8 13. c3 d5 14. Nd2 c6 15. a4 Bf5 16. a5 Nd6 17. Nb3 Qf8 18. Nc5 Re8 19. Bxd6 Rxe1 20. Rxe1 Qc8 21. Nxb7 h5 22. a6 h4 23. Bc5 Qb8 24. h3 Be4 25. b4 Bg5 26. Nd6 Bd2 27. Re2 Bxc3 28. Nxe4 dxe4 29. Rxe4 Bxb4 30. Re7 Bxc5 31. dxc5 g5 32. Rb7 Qe5 33. Rxa7 Qxc5 34. Rd7 Qa5 35. a7 Kg7 36. Bc4 Qa1+ 37. Kh2 Qe5+ 38. g3 hxg3+ 39. Kg2 Qe4+ 40. Kxg3 Qf4+ 41. Kg2 Qe4+ 42. Kg1 Qb1+ 43. Bf1 Qa2 44. Rc7 c5 45. Bc4 Qa1+ 46. Kg2 Qa5 47. Rxf7+ Kg6 48. Bd5 1-0


[Site "https://www.chess.com"]

[Event "Titled Tuesday Blitz March 21 Late 2023"]
[White "Sargsyan, Shant"]
[Black "Durarbayli, Vasif"]
[WhiteFideId "13306766"]
[BlackFideId "13402935"]
[WhiteElo "2628"]
[BlackElo "2543"]
[Result "1/2-1/2"]
[Round "04"]
[TimeControl "180+2"]
[Date "2023.03.21"]
[WhiteClock "0:00:19"]
[BlackClock "0:00:08"]

1. c4 c5 2. Nf3 Nf6 3. Nc3 e6 4. g3 b6 5. Bg2 Bb7 6. O-O Be7 7. Re1 Ne4 8. Nxe4 Bxe4 9. d3 Bb7 10. e4 d6 11. d4 cxd4 12. Nxd4 a6 13. b3 Qc7 14. Bb2 Nd7 15. Rc1 O-O 16. Qe2 Rfe8 17. h4 Rac8 18. Qe3 Qb8 19. Ne2 Qa8 20. Nf4 Bf8 21. Nh5 Rc5 22. Nf4 b5 23. Nd3 Rcc8 24. cxb5 axb5 25. a3 Nc5 26. Nxc5 dxc5 27. h5 h6 28. g4 Be7 29. f4 c4 30. bxc4 bxc4 31. Kh2 Red8 32. Red1 Qa4 33. Rxd8+ Rxd8 34. Qc3 Bf6 35. e5 Bxg2 36. exf6 Bb7 37. fxg7 Qc6 38. Rg1 Rd3 39. Qb4 Rh3+ 40. Kxh3 Qf3+ 41. Kh4 Qf2+ 42. Rg3 Qh2+ 43. Rh3 Qf2+ 44. Rg3 Qh2+ 45. Rh3 Qf2+ 46. Rg3 1/2-1/2


[Site "https://www.chess.com"]

[Event "Titled Tuesday Blitz March 21 Late 2023"]
[White "Fedoseev, Vladimir"]
[Black "Movahed, Sina"]
[WhiteFideId "24130737"]
[BlackFideId "42520835"]
[WhiteElo "2752"]
[BlackElo "2225"]
[Result "0-1"]
[Round "04"]
[TimeControl "180+2"]
[Date "2023.03.21"]
[WhiteClock "0:00:03"]
[BlackClock "0:00:03"]

1. e4 c5 2. Nf3 d6 3. d4 cxd4 4. Nxd4 Nf6 5. Nc3 g6 6. Be2 Bg7 7. O-O O-O 8. Nb3 Nc6 9. Kh1 a5 10. a4 Nd7 11. Nb5 b6 12. c3 Nc5 13. Nxc5 bxc5 14. f4 Bb7 15. Be3 Qd7 16. Qc2 Rad8 17. Rad1 Qc8 18. Bc4 Qb8 19. Qb3 Na7 20. e5 Qa8 21. Bd5 dxe5 22. Nc7 Bxd5 23. Nxd5 e6 24. Ne7+ Kh8 25. fxe5 Rxd1 26. Qxd1 Nc6 27. Nxc6 Qxc6 28. Qd6 Qxa4 29. Bxc5 Qc4 30. Kg1 Kg8 31. Qb6 Rc8 32. Bd4 a4 33. Qb7 Rc7 34. Qb8+ Bf8 35. h3 Qc6 36. Be3 Rc8 37. Qa7 Rc7 38. Qa5 Rb7 39. Rf2 Rb5 40. Qd8 Rxe5 41. Bh6 Re1+ 42. Kh2 Qd6+ 43. Qxd6 Bxd6+ 44. g3 f5 45. Rd2 Bc5 46. Rd7 Re2+ 47. Kh1 Rxb2 48. Rg7+ Kh8 49. Rc7 Rb1+ 50. Kg2 Rb2+ 51. Kf1 Kg8 52. Rg7+ Kh8 53. Rc7 Kg8 54. Rxc5 a3 55. Rc8+ Kf7 56. Rc7+ Ke8 57. c4 a2 58. Bg7 a1=Q# 0-1


[Site "https://www.chess.com"]

[Event "Titled Tuesday Blitz March 21 Late 2023"]
[White "Costachi, Mihnea"]
[Black "Bortnyk, Olexandr"]
[WhiteFideId "1217518"]
[BlackFideId "14120828"]
[WhiteElo "2456"]
[BlackElo "2734"]
[Result "0-1"]
[Round "04"]
[TimeControl "180+2"]
[Date "2023.03.21"]
[WhiteClock "0:01:00"]
[BlackClock "0:01:35"]

1. d4 d6 2. Nf3 Nf6 3. g3 g6 4. Bg2 Bg7 5. O-O O-O 6. b3 a5 7. a4 Nc6 8. Bb2 Bf5 9. Na3 Qd7 10. Re1 Be4 11. Bf1 Bxf3 12. exf3 d5 13. Nb5 Rfe8 14. Bg2 e6 15. f4 Bf8 16. Ba3 Bxa3 17. Nxa3 Ne7 18. c3 Rac8 19. Bf1 b6 20. Ba6 Ra8 21. Bd3 h5 22. Nc2 Red8 23. Ne3 c5 24. Bb5 Qd6 25. Qd3 Rac8 26. Rac1 Rc7 27. c4 dxc4 28. Nxc4 Qxd4 29. Qxd4 Rxd4 30. Nxb6 Rb4 31. Nc4 Ra7 32. Re3 Nf5 33. Rd3 Nd4 34. Ne5 Ne2+ 35. Kg2 Nxc1 36. Rd8+ Kg7 37. Nc6 Rc7 38. Nxb4 cxb4 39. Bc4 Nd7 40. Ra8 Nb6 41. Rxa5 Nxc4 42. bxc4 Rxc4 43. Rb5 b3 44. a5 Ra4 45. Kf3 Ra3 46. Ke3 b2+ 47. Kd2 Nb3+ 48. Kc2 Nd4+ 49. Kxb2 Nxb5 50. a6 Rxa6 0-1


[Site "https://www.chess.com"]